 Dungeon Crawl Stone Soup version 0.30.0-29-ga12c61a403 (webtiles) character file.

Game seed: 2798319475188065294

1 Graphine the Ducker (level 1, 16/16 HPs)
             Began as a Merfolk Gladiator on June 3, 2023.
             Was a Follower of Kikubaaqudgha.
             Quit the game on level 1 of the Dungeon.
             The game lasted 00:01:03 (59 turns).

Graphine the Ducker (Merfolk Gladiator)               Turns: 59, Time: 00:01:03

Health: 16/16      AC:  4    Str: 14    XL:     1   Next: 20%
Magic:  1/1        EV: 13    Int:  7    God:    Kikubaaqudgha [*.....]
Gold:   10         SH:  0    Dex: 15    Spells: 0/0 levels left

rFire   . . .        a - +0 long sword
rCold   . . .        (no shield)
rNeg    . . .        b - +0 leather armour
rPois   .            c - +0 helmet
rElec   .            (no cloak)
rCorr   .            (no gloves)
SInv    .            (no boots)
Will    .....        (no amulet)
Stlth   +            (no ring)
HPRegen 0.22/turn    (no ring)
MPRegen 0.07/turn

%: no passive effects
@: no status effects
A: (nimble swimmer 2), mertail
a: Renounce Religion, Unearth Wretches


You were on level 1 of the Dungeon.
You worshipped Kikubaaqudgha.
Kikubaaqudgha was aware of your devotion.
You visited 1 branch of the dungeon, and saw 1 of its levels.

You collected 10 gold pieces.

Inventory:

Hand Weapons
 a - a +0 long sword (weapon)
Missiles
 d - 3 throwing nets (quivered)
 e - a javelin
Armour
 b - a +0 leather armour (worn)
 c - a +0 helmet (worn)


   Skills:
 + Level 2.2 Fighting
 + Level 3.6 Long Blades
 + Level 2.0 Throwing
 + Level 4.0 Dodging


You couldn't memorise any spells.
You didn't know any spells.
Your spell library contained the following spells:

 Spells                   Type           Power      Damage    Failure   Level
 Kiss of Death            Conj/Necr      0%         2d5       52%         1
 Necrotise                Necr           0%         1d4       52%         1
 Cigotuvi's Dreadful Rot  Necr/Pois/Air  0%         N/A       65%         2
 Sublimation of Blood     Necr           0%         N/A       65%         2


Dungeon Overview and Level Annotations

Branches:
Dungeon (1/15)

Altars:
Kikubaaqudgha


Innate Abilities, Weirdness & Mutations

((You are very nimble when in or above water. (Stealth+, EV+, Speed+++)))
Your lower body shifts to a powerful aquatic tail in water.


Message History

You open the gate.
There is an open gate here.
A bat comes into view.
A bat is nearby!
The bat barely misses you.
You closely miss the bat. The bat closely misses you.
The bat barely misses you.
You closely miss the bat. The bat hits you.
You closely miss the bat. The bat barely misses you. x2
The bat hits you but does no damage.
You closely miss the bat. The bat closely misses you.
The bat hits you but does no damage. The bat closely misses you.
The bat closely misses you.
You hit the bat but do no damage. The bat hits you but does no damage.
The bat closely misses you.
You hit the bat but do no damage. The bat closely misses you.
The bat hits you but does no damage.
You hit the bat but do no damage. The bat misses you.
The bat closely misses you.
You slash the bat!
You kill the bat!
No target in view!
You open the door.
A rat comes into view.
Found a ring mail.
Found a faded altar of an unknown god.
There is an open door here.
You slash the rat!
You kill the rat!
There is a faded altar of an unknown god here.
This altar belongs to (a) Ashenzari, (b) Kikubaaqudgha or (c) Hepliaklqana, but you can't tell which.
Press the corresponding letter to learn more about a god, or press enter to convert or escape to cancel.
Kikubaaqudgha accepts your prayer! Kikubaaqudgha welcomes you!
You can now bring forth the wretched and dying.
Kikubaaqudgha grants you a gift!
You add the spells Kiss of Death, Necrotise, Cigotuvi's Dreadful Rot and Sublimation of Blood to your library.
Unknown command.
Press < or > to pray at altars.
Okay, then.
Are you sure you want to abandon this character and quit the game? (Confirm with "yes".)

#. #. # #.##### .#
#.....#####.###
##.....#........
#......'........
#.###....#........
#........#.[......
....###.####@.......
## #.# #........ #.#
###+##... #.# .. #.#
. ###.#
##...#########
#............#
##'''########.#


There were no monsters in sight!

Vanquished Creatures
  A bat (D:1)
  A rat (D:1)
2 creatures vanquished.

Notes
Turn   | Place    | Note
-------+----------+-------------------------------------------
     0 | D:1      | Graphine the Merfolk Gladiator began the quest for the Orb.
     0 | D:1      | Reached XP level 1. HP: 16/16 MP: 1/1
    53 | D:1      | Found a faded altar of an unknown god.
    58 | D:1      | Prayed at the altar of an unknown god.
    58 | D:1      | Became a worshipper of Kikubaaqudgha
    58 | D:1      | Reached * piety under Kikubaaqudgha
    58 | D:1      | Received a gift from Kikubaaqudgha
    59 | D:1      | Quit the game

Illustrated notes

Levels and vault maps discovered:
D:1:      kennysheep_arrival_forest, layout_basic, basic_ecumenical_altar,
          serial_shops, shop, shop, nicolae_shop_bloodbath_and_beyond, shop,
          shop, nicolae_wormholes

Action                     || total
---------------------------++-------
  Melee: Long sword        ||     9
 Armour: Leather armour    ||     4
  Dodge: Dodged            ||    12
